 Dungeon Crawl Stone Soup version 0.18-a0-1312-gf98331d (webtiles) character file.

402 Leibowitz the Cutter (level 7, -1/41 HPs)
             Began as a Kobold Gladiator on Feb 14, 2016.
             Slain by an ogre
             ... wielding a +0 giant club
              (4 damage)
             ... on level 4 of the Dungeon.
             The game lasted 00:13:37 (3717 turns).

Leibowitz the Cutter (Kobold Gladiator)             Turns: 3717, Time: 00:13:37

Health: -1/41      AC:  7    Str: 14    XL:     7   Next: 11%
Magic:  7/7        EV: 17    Int:  6    God:
Gold:   100        SH:  0    Dex: 18    Spells: 0 memorised, 6 levels left

rFire  . . .     SeeInvis .     a - +0 rapier
rCold  . . .     Gourm    .     b - +0 leather armour
rNeg   + . .     Faith    .     (shield restricted)
rPois  .         Spirit   .     c - +0 helmet
rElec  .         Dismiss  .     (no cloak)
rCorr  .         Reflect  .     i - +2 pair of gloves
SustAt .         Harm     .     (no boots)
MR     .....                    m - amulet of inaccuracy (curse)
Stlth  +.........               l - ring of positive energy
                                j - ring of loudness (curse)

@: flying, drained, not resistant to hostile enchantments, very unstealthy
A: carnivore 3
a: no special abilities


You were on level 4 of the Dungeon.
You were very full.

You visited 1 branch of the dungeon, and saw 5 of its levels.

You collected 100 gold pieces.

Inventory:

Hand Weapons
 a - a +0 rapier (weapon)
Missiles
 h - 9 poisoned needles
Armour
 b - a +0 leather armour (worn)
 c - a +0 helmet (worn)
 i - a +2 pair of gloves (worn)
Jewellery
 j - a cursed ring of loudness (left hand)
 l - a ring of positive energy (right hand)
 m - a cursed amulet of inaccuracy (around neck)
Scrolls
 g - a scroll of recharging
 q - 2 scrolls of identify
Books
 k - a book of Hinderance

   Spells                             Type                      Level
   a - Confusing Touch                Hexes                        2
   b - Confuse                        Hexes                        3
   c - Gell's Gravitas                Hexes/Translocation          3
   d - Petrify                        Transmutation/Earth          4
   e - Metabolic Englaciation         Hexes/Ice                    5
   f - Yara's Violent Unravelling     Hexes/Transmutation          5
 r - a book of the Earth

   Spells                             Type                      Level
   a - Leda's Liquefaction            Hexes/Earth                  4
   b - Bolt of Magma                  Conjuration/Fire/Earth       5
   c - Statue Form                    Transmutation/Earth          6
   d - Iron Shot                      Conjuration/Earth            6
   e - Shatter                        Earth                        9
 s - a book of Ice

   Spells                             Type                      Level
   a - Ice Form                       Ice/Transmutation            4
   b - Metabolic Englaciation         Hexes/Ice                    5
   c - Ozocubu's Refrigeration        Ice                          6
   d - Bolt of Cold                   Conjuration/Ice              6
   e - Freezing Cloud                 Conjuration/Ice/Air          6
   f - Simulacrum                     Ice/Necromancy               6
Comestibles
 f - 5 meat rations


   Skills:
 * Level 3.4(2.2) Fighting
 * Level 6.2(5.0) Short Blades
 - Level 2.1(1.1) Throwing
 * Level 1.9(0.9) Armour
 * Level 5.9(4.7) Dodging
 * Level 2.7(1.6) Stealth


You had 6 spell levels left.
You didn't know any spells.

Dungeon Overview and Level Annotations

Branches:
Dungeon (5/15)
 Temple: D:4-7

Altars:
Dithmenos
Qazlal
Sif Muna

Annotations:
D:4 Starbucks's ghost, amateur DrSk


Innate Abilities, Weirdness & Mutations

You are small and have problems with some larger weapons.
You are carnivorous and can eat meat at any time.


Message History

Starbucks's ghost is moderately damaged.
Starbucks's ghost hits you.
* * * LOW HITPOINT WARNING * * *
The ogre misses you.
You completely miss Starbucks's ghost.
Starbucks's ghost is moderately damaged.
Starbucks's ghost completely misses you.
The ogre closely misses you.
You hit Starbucks's ghost.
Starbucks's ghost is moderately damaged.
Starbucks's ghost misses you.
You hit Starbucks's ghost but do no damage.
Starbucks's ghost is moderately damaged.
The ogre barely misses you. Starbucks's ghost hits you.
* * * LOW HITPOINT WARNING * * *
You hit Starbucks's ghost but do no damage.
Starbucks's ghost is moderately damaged.
Starbucks's ghost hits you but does no damage.
The ogre hits you with a giant club.
You die...

#.#.........##.#
#.$#######.###.#
#..# #.# #.#
#..# ##.###.#
#[.# ####...##.#
#..# #.........#
#..# #.##...####
#..###.###W##
#......# #@#
##.....###O#
####...##.#
##.###.#.#
#########.##
#..# #.........#
#..# #.#######.#
##.## #.#
##.###.## #.#
#...##


You could see an ogre and Starbucks's ghost.

Vanquished Creatures
  Sigmund (D:2)
  A hound (D:4)
  An orc priest (D:3)
  6 gnolls
  2 adders
  3 oozes
  An adder skeleton (D:4)
  2 giant geckos
  3 orcs (D:3)
  7 bats
  4 giant cockroaches
  11 goblins
  6 hobgoblins
  21 jackals
  5 kobolds
  2 quokkas (D:3)
  A giant gecko skeleton (D:4)
  6 giant newts
  7 rats
90 creatures vanquished.

Notes
Turn   | Place    | Note
--------------------------------------------------------------
     0 | D:1      | Leibowitz the Kobold Gladiator began the quest for the Orb.
     0 | D:1      | Reached XP level 1. HP: 12/12 MP: 1/1
    40 | D:1      | Reached XP level 2. HP: 14/17 MP: 2/2
   205 | D:1      | Reached XP level 3. HP: 13/21 MP: 3/3
   525 | D:1      | Reached skill level 1 in Stealth
   732 | D:2      | Reached XP level 4. HP: 23/27 MP: 4/4
   745 | D:2      | Reached skill level 5 in Short Blades
   778 | D:2      | Found a stormy altar of Qazlal.
  1070 | D:2      | Found a deep blue altar of Sif Muna.
  1308 | D:2      | Noticed Sigmund
  1904 | D:3      | Reached XP level 5. HP: 31/31 MP: 5/5
  2016 | D:3      | Reached skill level 1 in Armour
  2322 | D:3      | Found a shadowy altar of Dithmenos.
  2593 | D:3      | Reached skill level 5 in Dodging
  2599 | D:3      | Reached XP level 6. HP: 9/37 MP: 6/6
  2905 | D:2      | Killed Sigmund
  2905 | D:2      | Reached skill level 6 in Short Blades
  3088 | D:4      | Noticed Starbucks's ghost (amateur DrSk)
  3169 | D:4      | Reached XP level 7. HP: 41/41 MP: 7/7
  3256 | D:5      | Entered Level 5 of the Dungeon
  3717 | D:4      | Slain by an ogre

Vault maps used:
D:1:      eino_arrival_cavern_d, grunt_decor_mini_mirrors
D:2:      grunt_qazlal_sundering, minmay_misc_feat_nine_boxes,
          lemuel_blue_sif_altar, uniq_sigmund
D:3:      lemuel_castle_with_subvaults, first_bread,
          grunt_dithmenos_smoke_and_mirrors
D:4:      gammafunk_temple_overflow_elements

Action                   |  1- 3 |  4- 6 |  7- 9 || total
-------------------------+-------+-------+-------++-------
Melee: Rapier            |    90 |   212 |   110 ||   412
Throw: Throwing net      |     2 |     6 |     1 ||     9
  Use: Scroll            |     1 |     6 |     2 ||     9
       Potion            |       |     4 |     2 ||     6
 Stab: Held in net/web   |     1 |     3 |       ||     4
       Sleeping          |       |     1 |       ||     1
  Eat: Chunk             |     7 |     9 |     1 ||    17
